 Dungeon Crawl Stone Soup version 0.21.1-1-g345015f (webtiles) character file.

1134 inc the Thaumaturge (level 8, -14/45 (46) HPs)
             Began as an Octopode Conjurer on Mar 16, 2018.
             Was an Initiate of Gozag.
             Demolished by an orc warrior
             ... wielding a +0 dire flail
              (15 damage)
             ... on level 6 of the Dungeon on Mar 17, 2018.
             The game lasted 00:12:23 (6282 turns).

inc the Thaumaturge (Octopode Conjurer)             Turns: 6282, Time: 00:12:24

HP:   -14/45 (46)   AC:  1    Str: 10    XL:     8   Next: 36%
MP:   8/20          EV: 13    Int: 24    God:    Gozag
Gold: 311           SH:  0    Dex: 13    Spells: 12/23 levels left

rFire    . . .     SeeInvis .   (no weapon)
rCold    . . .     Gourm    .   (no shield)
rNeg     . . .     Faith    .   (helmet restricted)
rPois    +         Spirit   .   (no amulet)
rElec    .         Reflect  .   h - ring of poison resistance
rCorr    .         Harm     .   i - +3 ring of strength
MR       .....                  (no ring)
Stlth    +++.......             (no ring)
HPRegen  0.15/turn              (no ring)
MPRegen  0.17/turn              (no ring)
                                (no ring)
                                (no ring)

@: brilliant, flying
A: almost no armour, stealthy swim, amphibious, 8 rings, constrict 8, camouflage
1, gelatinous body 1
a: Potion Petition, Call Merchant, Bribe Branch, Renounce Religion


You were on level 6 of the Dungeon.
You worshipped Gozag.
Gozag was aware of your devotion.
You were full.

You visited 2 branches of the dungeon, and saw 8 of its levels.

You collected 455 gold pieces.
You paid 144 gold pieces to Gozag.

Inventory:

Jewellery
 h - a ring of poison resistance (left tentacle)
 i - a +3 ring of strength (right tentacle)
 j - an uncursed amulet of guardian spirit
 s - an uncursed ring of poison resistance
Scrolls
 e - 4 scrolls of teleportation
 f - a scroll of enchant armour
 n - a scroll of enchant weapon {unknown}
 o - a scroll of magic mapping {unknown}
 q - a scroll of identify
Potions
 g - a potion of haste
 k - 2 potions of agility
 l - 2 potions of magic
 p - a potion of flight
Books
 a - a book of Conjurations

   Spells                             Type                      Level
   a - Magic Dart                     Conjuration                  1
   b - Searing Ray                    Conjuration                  2
   c - Dazzling Spray                 Conjuration/Hexes            3
   d - Fulminant Prism                Conjuration/Hexes            4
   e - Force Lance                    Conjuration/Translocation    4
   f - Iskenderun's Mystic Blast      Conjuration                  4
 m - a book of Cantrips

   Spells                             Type                      Level
   a - Confusing Touch                Hexes                        1
   b - Animate Skeleton               Necromancy                   1
   c - Summon Small Mammal            Summoning                    1
   d - Apportation                    Translocation                1
 t - a book of Callings

   Spells                             Type                      Level
   a - Summon Small Mammal            Summoning                    1
   b - Call Imp                       Summoning                    2
   c - Call Canine Familiar           Summoning                    3
   d - Summon Guardian Golem          Hexes/Summoning              3
   e - Summon Lightning Spire         Summoning/Air                4
   f - Summon Ice Beast               Ice/Summoning                4
Comestibles
 b - 3 rations


   Skills:
 - Level 2.0 Dodging
 - Level 2.6 Stealth
 + Level 8.0 Spellcasting
 - Level 6.2 Conjurations


You had 12 spell levels left.
You knew the following spells:

 Your Spells              Type           Power        Failure   Level  Hunger
a - Magic Dart            Conj           ####         1%          1    None
b - Searing Ray           Conj           ######       1%          2    None
c - Iskenderun's Mystic   Conj           ######..     1%          4    ##.....
d - Fulminant Prism       Conj/Hex       #####.....   2%          4    ##.....


Dungeon Overview and Level Annotations

Branches:
Dungeon (7/15)             Temple (1/1) D:5

Altars:
Ashenzari
Cheibriados
Dithmenos
Elyvilon
Fedhas
Gozag
Hepliaklqana
Kikubaaqudgha
Makhleb
Nemelex Xobeh
Okawaru
Qazlal
Sif Muna
Trog
Uskayaw
Vehumet
Wu Jian
Xom
Yredelemnul
Zin
The Shining One

Annotations:
D:4 Dowan, Duvessa
D:5 Sigmund


Innate Abilities, Weirdness & Mutations

You cannot wear most types of armour.
You are very stealthy in the water. (Stealth+)
You are amphibious.
You can wear up to eight rings at the same time.
You can use your tentacles to constrict eight enemies at once.
Your skin changes colour to match your surroundings (Stealth+).
Your rubbery body absorbs attacks. (AC +1, EV +1)


Message History

You feel very buoyant.
You fly up into the air.
The orc hits you with a club! The orc hits you but does no damage.
The orc warrior hits you with a dire flail!!
Ouch! That really hurt!
* * * LOW HITPOINT WARNING * * *
The orc priest shouts!
The orc warrior shouts!
It was a potion of brilliance.
You feel clever all of a sudden.
You hear a shout!
The orc hits you with a club.
* * * LOW HITPOINT WARNING * * *
The orc hits you.
* * * LOW HITPOINT WARNING * * *
Okay, then.
As you read the scroll labeled SUGRYA MOHOECO, it crumbles to dust.
The scroll dissolves into smoke.
It was a scroll of fog.
The orc warrior hits you with a dire flail!
You die...
Your body crumbles into a pile of gold.

#.# # #....#
#.. ##)#
##.##...##.#
#.. #..#
#..#..####.#
#.. #o## #..#.#
#.# #.. #.#
#...o #.# ###
###.# #.o.# #..
#...# #§§§ ##.
#.### #oo# .
#.# ##§@# .#
##.# ##§§o#
#..# ##.§§##
#.## #...##
##.......# #.#
#.#.# #.#
#......... #.#
#...# #.#
#........#
##.####..## #.#
#........#
...###..#|....#
#.#
###....[...#
#........##.##
#.#
#..........#


You could see an orc warrior and 2 orcs.

Vanquished Creatures
  A wyvern (D:6)
  Edmund (D:6)
  An ice beast (D:6)
  A necrophage (D:6)
  A bullfrog (D:7)
  A scorpion (D:4)
  3 crimson imps (D:6)
  A hound (D:4)
  3 orc priests
  2 iguanas (D:4)
  2 orc wizards (D:6)
  9 adders
  4 gnolls (D:6)
  6 worms
  3 leopard geckos
  10 orcs
  A giant cockroach (D:3)
  12 goblins
  13 hobgoblins
  5 jackals
  2 quokkas
  6 bats
  4 frilled lizards
  2 jackal skeletons
  10 kobolds
  7 rats
111 creatures vanquished.

Notes
Turn   | Place    | Note
-------+----------+-------------------------------------------
     0 | D:1      | inc the Octopode Conjurer began the quest for the Orb.
     0 | D:1      | Reached XP level 1. HP: 11/11 MP: 3/3
   426 | D:1      | Reached XP level 2. HP: 13/17 MP: 0/5
   881 | D:1      | Reached skill level 3 in Spellcasting
  1078 | D:2      | Found a snail-covered altar of Cheibriados.
  1198 | D:2      | Reached XP level 3. HP: 19/21 MP: 1/7
  1698 | D:2      | Found a sparkling altar of Nemelex Xobeh.
  1702 | D:2      | Reached skill level 4 in Spellcasting
  1702 | D:2      | Reached XP level 4. HP: 27/27 MP: 3/10
  2268 | D:3      | Reached XP level 5. HP: 23/31 MP: 0/12
  2799 | D:3      | Learned a level 2 spell: Searing Ray
  3224 | D:4      | Reached skill level 5 in Spellcasting
  3457 | D:5      | Entered Level 5 of the Dungeon
  3521 | D:5      | Noticed Sigmund
  3886 | D:4      | Found a glowing silver altar of Zin.
  3922 | D:4      | Reached XP level 6. HP: 36/36 MP: 5/14
  4225 | D:4      | Reached skill level 6 in Spellcasting
  4468 | D:4      | Noticed Duvessa
  4470 | D:4      | Noticed Dowan
  4788 | D:5      | Found a staircase to the Ecumenical Temple.
  4915 | D:6      | Noticed a necrophage
  4921 | D:6      | Killed a necrophage
  4921 | D:6      | Reached skill level 5 in Conjurations
  4921 | D:6      | Reached XP level 7. HP: 40/40 MP: 6/16
  5034 | Temple   | Entered the Ecumenical Temple
  5079 | Temple   | Became a worshipper of Gozag Ym Sagoz the Greedy
  5257 | D:6      | Found a deep blue altar of Sif Muna.
  5335 | D:6      | Learned a level 4 spell: Iskenderun's Mystic Blast
  5340 | D:6      | Learned a level 4 spell: Fulminant Prism
  5346 | D:6      | Noticed a wyvern
  5355 | D:6      | Killed a wyvern
  5551 | D:7      | Found a shattered altar of Ashenzari.
  5574 | D:6      | Noticed Edmund
  5724 | D:6      | Reached skill level 7 in Spellcasting
  5724 | D:6      | Reached XP level 8. HP: 45/45 MP: 12/18
  5729 | D:6      | HP: 2/45 [ice beast (12)]
  6080 | D:6      | Killed Edmund
  6248 | D:6      | Reached skill level 8 in Spellcasting
  6281 | D:6      | HP: 1/45 [orc (5)]
  6282 | D:6      | Demolished by an orc warrior

Skill      XL: |  1  2  3  4  5  6  7  8 |
---------------+-------------------------+-----
Spellcasting   | 3 4 5 6 7 8 |  8.0
Conjurations   | 5 6 |  6.2
Dodging        | |  2.0
Stealth        | |  2.6

Action                   |  1- 3 |  4- 6 |  7- 9 || total
-------------------------+-------+-------+-------++-------
Melee: Unarmed           |    16 |     8 |       ||    24
       Constrict         |     5 |     3 |       ||     8
       Tentacles         |     5 |     2 |       ||     7
 Cast: Magic Dart        |    76 |   154 |    26 ||   256
       Searing Ray       |       |    11 |    17 ||    28
  Use: Scroll            |       |    10 |     1 ||    11
       Potion            |       |     4 |     2 ||     6
  Eat: Chunk             |     2 |     8 |       ||    10
       Ration            |       |     1 |     2 ||     3
Armor: Skin              |     1 |     2 |     2 ||     5
Dodge: Dodged            |    18 |    30 |    13 ||    61
